 Dungeon Crawl Stone Soup version 0.29.1-2-gbd0b4ee654 (webtiles) character file.

Game seed: 18426197090179463437

1608 Ivernyr the Changer (level 8, -2/54 HPs)
             Began as an Octopode Transmuter on Oct 31, 2022.
             Was an Initiate of Cheibriados.
             Slain by a sky beast (6 damage)
             ... on level 6 of the Dungeon.
             The game lasted 00:10:00 (6066 turns).

Ivernyr the Changer (Octopode Transmuter)           Turns: 6066, Time: 00:10:00

Health: -2/54      AC:  2    Str: 11    XL:     8   Next: 95%
Magic:  14/15      EV: 19    Int: 24    God:    Cheibriados [......]
Gold:   383        SH:  0    Dex: 18    Spells: 6/16 levels left

rFire   . . .      SeeInvis .     - Unarmed
rCold   . . .      Faith    .   (shield currently unavailable)
rNeg    . . .      Spirit   .   (helmet currently unavailable)
rPois   x          Reflect  .   j - amulet of regeneration
rElec   .          Harm     .   r - +6 ring of intelligence
rCorr   .          Rampage  .   s - ring of wizardry
Will    .....                   (no ring)
Stlth   ++........              (no ring)
HPRegen 0.98/turn               (no ring)
MPRegen 0.14/turn               (no ring)
                                (no ring)
                                (no ring)

@: spider-form (expiring), weakened, very slow
A: venomous fangs, almost no armour, (amphibious), 8 rings, tiny, (camouflage
1), (gelatinous body 1), (nimble swimmer 1), (tentacles)
a: End Transformation, Renounce Religion


You were on level 6 of the Dungeon.
You worshipped Cheibriados.
Cheibriados was noncommittal.
You were a venomous arachnid creature.
You visited 2 branches of the dungeon, and saw 7 of its levels.

You collected 383 gold pieces.

Inventory:

Jewellery
 j - an amulet of regeneration (around neck)
 r - a +6 ring of intelligence (left front leg)
 s - a ring of wizardry (right front leg)
Wands
 w - a wand of charming (8)
 y - a wand of polymorph (6)
Scrolls
 b - a scroll of brand weapon {unknown}
 c - 3 scrolls of noise {unknown}
 d - 5 scrolls of identify {unknown}
 i - a scroll of enchant weapon {unknown}
 k - 4 scrolls of teleportation {unknown}
 o - a scroll of butterflies {unknown}
 p - a scroll of blinking {unknown}
 q - a scroll of vulnerability {unknown}
 u - a scroll of amnesia {unknown}
Potions
 a - 2 potions of lignification
 e - 2 potions of heal wounds {unknown}
 f - a potion of attraction {unknown}
 g - 4 potions of curing {unknown}
 h - 3 potions of haste {unknown}
 l - a potion of invisibility {unknown}
 m - a potion of might {unknown}
 n - 2 potions of flight {unknown}
 t - 2 potions of degeneration {unknown}
 v - 2 potions of magic {unknown}
 x - a potion of mutation {unknown}


   Skills:
 + Level 4.8 Fighting
 - Level 2.0 Dodging
 + Level 5.6 Unarmed Combat
 + Level 4.8 Spellcasting
 + Level 6.5 Transmutations
 + Level 2.9 Invocations


You had 6 spell levels left.
You knew the following spells:

 Your Spells              Type           Power      Damage    Failure   Level
a - Beastly Appendage     Tmut           74%        N/A       1%          1
b - Wereblood             Tmut           37%        N/A       1%          2
c - Spider Form           Tmut/Pois      21%        N/A       8%          3
d - Ice Form              Ice/Tmut       21%        N/A       21%         4

Your spell library contained the following spells:

 Spells                   Type           Power      Damage    Failure   Level
 Sting                    Tmut/Pois      84%        1d7       3%          1
 Passwall                 Tmut/Erth      17%        N/A       4%          2
 Ensorcelled Hibernation  Hex/Ice        10%        N/A       13%         2
 Sublimation of Blood     Necr           5%         N/A       13%         2
 Blade Hands              Tmut           18%        N/A       16%         5
 Summon Guardian Golem    Hex/Summ       5%         N/A       21%         3
 Swiftness                Air            5%         N/A       21%         3
 Irradiate                Conj/Tmut      10%        3d15      41%         5
 Orb of Destruction       Conj           2%         9d5       100%        7
 Spellforged Servitor     Conj/Summ      2%         N/A       100%        7
 Summon Hydra             Summ           2%         N/A       100%        7


Dungeon Overview and Level Annotations

Branches:
Dungeon (6/15)             Temple (1/1) D:5

Altars:
Ashenzari
Cheibriados
Dithmenos
Elyvilon
Fedhas
Gozag
Hepliaklqana
Kikubaaqudgha
Makhleb
Okawaru
Ru
Sif Muna
Trog
Uskayaw
Wu Jian
Xom
Yredelemnul
Zin
The Shining One


Innate Abilities, Weirdness & Mutations

You are a venomous arachnid creature.
You have poisonous fangs.
You are tiny and dextrous.
Your spellcasting is less reliable in this form.
Your armour is entirely melded.
You are incapable of wielding weapons or throwing items.
You cannot wear most types of armour.
((You are amphibious.))
You can wear up to eight rings at the same time.
((Your skin changes colour to match your surroundings (Stealth+).))
((Your rubbery body absorbs attacks. (AC +1, EV +1)))
((You are camouflaged when in or above water. (Stealth+)))
((You have tentacles for arms and can constrict up to eight enemies at once.))


Message History

You bite the steam dragon!
The steam dragon looks as sick as possible!
The steam dragon is heavily wounded.
The steam dragon bites you!
* * * LOW HITPOINT WARNING * * *
The steam dragon barely misses you.
You hit the steam dragon but do no damage.
The steam dragon looks as sick as possible!
The steam dragon is heavily wounded.
A gnoll comes into view. It is wielding a +0 spear.
The steam dragon completely misses you. The steam dragon barely misses you.
Unknown command.
The gnoll bouda barks out a call to the hunt!
The steam dragon breathes steam at you. The ball of steam misses you.
You hear a shout! x2
The gnoll bouda barks out a call to the hunt!
You bite the steam dragon!
You kill the steam dragon!
Cheibriados appreciates the change of pace.
The steam dragon scales are intact enough to wear.
Your life force feels restored.
A gnoll comes into view. It is wielding a +0 flail.
The gnoll bouda gazes fiercely through you!
You feel your attacks grow feeble. The sky beast hits you.
The sky beast shocks you.
* * * LOW HITPOINT WARNING * * *
A gnoll comes into view. It is wielding a +0 flail.
The gnoll closely misses you.
There is an open door here.
The sky beast attacks as you move away! The sky beast closely misses you.
The sky beast hits you.
* * * LOW HITPOINT WARNING * * *
The sky beast shocks you.
* * * LOW HITPOINT WARNING * * *
Your transformation is almost over.
The sky beast attacks as you move away! The sky beast hits you.
* * * LOW HITPOINT WARNING * * *
The sky beast shocks you.
You die...

##..g..#
##..o..##
##.....##
##...g.## .
#..gg.##
...####g#######+#
.................
#.#.#..Yg########
#...s####
#.......#
#######.#
>......<#
#########


You could see a sky beast, a gnoll bouda and 2 gnolls.

Vanquished Creatures
  Pikel (D:5)
  A steam dragon (D:6)
  An ice beast (D:5)
  An ogre (D:4)
  3 lemures (D:5)
  2 necrophages
  3 scorpions
  A howler monkey (D:5)
  An orc priest (D:4)
  3 hounds
  Jessica (D:2)
  3 iguanas
  5 orc wizards
  Robin (D:3)
  4 gnolls (D:4)
  An adder (D:2)
  A shadow imp (D:5)
  A white imp (D:5)
  A dart slug (D:3)
  9 orcs
  6 bats
  6 endoplasms
  5 giant cockroaches
  15 goblins
  12 hobgoblins
  2 quokkas
  12 ball pythons
  5 frilled lizards
  10 kobolds
  6 rats
123 creatures vanquished.

Notes
Turn   | Place    | Note
-------+----------+-------------------------------------------
     0 | D:1      | Ivernyr the Octopode Transmuter began the quest for the
                  | Orb.
     0 | D:1      | Reached XP level 1. HP: 13/13 MP: 3/3
   333 | D:1      | Reached XP level 2. HP: 12/18 MP: 5/5
   336 | D:1      | Learned a level 2 spell: Wereblood
  1402 | D:1      | Found a faded altar of an unknown god.
  1494 | D:2      | Noticed Jessica
  1502 | D:2      | Killed Jessica
  1503 | D:2      | Reached XP level 3. HP: 17/24 MP: 4/6
  1592 | D:2      | Learned a level 3 spell: Spider Form
  1797 | D:2      | Reached skill level 3 in Transmutations
  2102 | D:2      | Reached XP level 4. HP: 13/29 MP: 4/7
  3219 | D:3      | Noticed a scorpion
  3230 | D:3      | Killed a scorpion
  3231 | D:3      | Reached XP level 5. HP: 4/34 MP: 1/9
  3234 | D:3      | HP: 2/51 [poisoned by a scorpion]
  3555 | D:3      | Found a hide-covered altar of Uskayaw.
  3705 | D:3      | Noticed Robin
  3717 | D:3      | Killed Robin
  3999 | D:3      | Found a shimmering blue altar of Sif Muna.
  4024 | D:3      | Reached skill level 4 in Transmutations
  4026 | D:3      | Reached XP level 6. HP: 34/41 MP: 7/10
  4027 | D:3      | Got Sif Muna's Incunabulum of Pestilence
  4485 | D:4      | Found a burning altar of Makhleb.
  4614 | D:4      | Reached XP level 7. HP: 32/46 MP: 8/12
  4711 | D:4      | Reached skill level 5 in Transmutations
  4862 | D:4      | Got the Parchment of Reformation
  4975 | D:5      | Entered Level 5 of the Dungeon
  5196 | D:5      | Found a staircase to the Ecumenical Temple.
  5216 | Temple   | Entered the Ecumenical Temple
  5271 | Temple   | Became a worshipper of Cheibriados the Contemplative
  5297 | D:5      | Learned a level 4 spell: Ice Form
  5339 | D:5      | Reached XP level 8. HP: 33/54 MP: 10/14
  5371 | D:5      | Found an iron altar of Okawaru.
  5755 | D:5      | Noticed Pikel
  5764 | D:5      | Killed Pikel
  5765 | D:5      | Reached skill level 5 in Unarmed Combat
  5765 | D:5      | Reached skill level 6 in Transmutations
  5824 | D:5      | Found an opulent altar of Gozag.
  5824 | D:5      | Found a glowing golden altar of the Shining One.
  6066 | D:6      | Slain by a sky beast

Illustrated notes

Levels and vault maps discovered:
D:1:      elethiomel_arrival_quiet, layout_loops_corners,
          hellmonk_ecumenical_altar_heavens_door, serial_co_window_serial,
          co_window_of_opportunity_a, co_window_paths_a,
          co_window_of_opportunity_a, co_window_paths_a,
          co_window_of_opportunity_a, co_window_cross_1, co_window_paths_b,
          co_window_unsneaky_path_e, co_window_of_opportunity_c,
          co_window_broadway_b, co_window_4corner_b, glass_columns_b,
          glass_columns_c, glass_columns_a, glass_columns_a, glass_columns_a
D:2:      minmay_recursive_quarters, layout_basic, uniq_jessica
D:3:      kennysheep_six_static_rooms, layout_basic, led_sif_book,
          nicolae_uskayaw_dance_hall, minivault_23,
          chequers_serial_rivers_micro_b, reono_crystal_passage, uniq_robin
D:4:      layout_rooms, makhleb_blood_cavern_becter
D:5:      layout_basic, jmf_multi_god_temple, okawaru_metal_pillars_3,
          minmay_temple_entry_mist, uniq_pikel
D:6:      layout_basic, enter_ossuary_1, grunt_ministairs_10,
          minmay_quadrilaterals
Temple:   nicolae_temple_superstar

Skill      XL: |  1  2  3  4  5  6  7  8 |
---------------+-------------------------+-----
Transmutations | 3 4 5 6 |  6.5
Fighting       | 2 3 4 |  4.8
Spellcasting   | 3 4 |  4.8
Unarmed Combat | 4 5 |  5.6
Invocations    | 2 |  2.9
Dodging        | |  2.0

Action                   |  1- 3 |  4- 6 |  7- 9 || total
-------------------------+-------+-------+-------++-------
Melee: Unarmed           |    59 |   121 |   132 ||   312
       Tentacles         |    11 |    18 |     8 ||    37
       Constrict         |    12 |    31 |     8 ||    51
       Punch             |     5 |     5 |     1 ||    11
       Kick              |     4 |    16 |       ||    20
 Cast: Beastly Appendage |     3 |     6 |       ||     9
       Wereblood         |     1 |     4 |     2 ||     7
       Spider Form       |       |     3 |     9 ||    12
  Use: Potion            |       |     1 |       ||     1
 Stab: Sleeping          |     5 |     6 |     1 ||    12
Armor: Skin              |     4 |     5 |     7 ||    16
Dodge: Dodged            |    36 |    72 |    84 ||   192
